Workbook

Sheet 附件1汇总简表 
A1: 附件1
A2: 2026年省级水利建设和发展（第三批水利发展）资金汇总表
G3: 单位：万元
A4: 地 区 | B4: 全年下 达合计 | C4: 已下达 小计 | D4: 合计 | E4: 水利工程维修养护 | F4: 河湖管理与保护 | G4: 水旱灾害防御
A5: 合 计 | B5: =B6+B73 -> 179000 | C5: 152653 | D5: =D6+D73 -> 26347 | E5: =E6+E73 -> 2529 | F5: =F6+F73 -> 23000 | G5: =G6+G73 -> 818
A6: 市县小计 | B6: =SUM(B7,B9,B13,B20,B23,B29,B35,B40,B45,B53,B58,B63,B68) -> 124890 | C6: 99341 | D6: =SUM(D7,D9,D13,D20,D23,D29,D35,D40,D45,D53,D58,D63,D68) -> 25549 | E6: =SUM(E7,E9,E13,E20,E23,E29,E35,E40,E45,E53,E58,E63,E68) -> 2199 | F6: =SUM(F7,F9,F13,F20,F23,F29,F35,F40,F45,F53,F58,F63,F68) -> 23000 | G6: =SUM(G7,G9,G13,G20,G23,G29,G35,G40,G45,G53,G58,G63,G68) -> 350
A7: 南京市 | B7: =SUM(B8) -> 10277 | C7: 9627 | D7: =SUM(D8) -> 650 | E7: =SUM(E8) -> 300 | F7: =SUM(F8) -> 0 | G7: =SUM(G8) -> 350
A8: 南京市本级 | B8: =SUM(C8:D8) -> 10277 | C8: 9627 | D8: =SUM(E8:G8) -> 650 | E8: =SUM(水利工程维修维护!E7) -> 300 | G8: =SUM(水旱灾害防御!D7) -> 350
A9: 无锡市 | B9: =SUM(B10:B12) -> 12662 | C9: 2998 | D9: =SUM(D10:D12) -> 9664 | E9: =SUM(E10:E12) -> 108 | F9: =SUM(F10:F12) -> 9556 | G9: =SUM(G10:G12) -> 0
A10: 无锡市本级 | B10: =SUM(C10:D10) -> 2838 | C10: 1055 | D10: =SUM(E10:G10) -> 1783 | E10: =SUM(水利工程维修维护!E8) -> 108 | F10: =SUM(太湖清淤!C8) -> 1675
A11: 江阴市 | B11: =SUM(C11:D11) -> 720 | C11: 720 | D11: =SUM(F11:G11) -> 0
A12: 宜兴市 | B12: =SUM(C12:D12) -> 9104 | C12: 1223 | D12: =SUM(E12:G12) -> 7881 | F12: =SUM(太湖清淤!C9,太湖清淤!C16) -> 7881
A13: 徐州市 | B13: =SUM(B14:B19) -> 12234 | C13: 12116 | D13: =SUM(D14:D19) -> 118 | E13: =SUM(E14:E19) -> 118 | F13: =SUM(F14:F19) -> 0 | G13: =SUM(G14:G19) -> 0
A14: 徐州市本级 | B14: =SUM(C14:D14) -> 3815 | C14: 3697 | D14: =SUM(E14:G14) -> 118 | E14: =SUM(水利工程维修维护!E9) -> 118
A15: 丰县 | B15: =SUM(C15:D15) -> 780 | C15: 780 | D15: =SUM(F15:G15) -> 0
A16: 沛县 | B16: =SUM(C16:D16) -> 1030 | C16: 1030 | D16: =SUM(F16:G16) -> 0
A17: 睢宁县 | B17: =SUM(C17:D17) -> 1568 | C17: 1568 | D17: =SUM(F17:G17) -> 0
A18: 邳州市 | B18: =SUM(C18:D18) -> 2590 | C18: 2590 | D18: =SUM(F18:G18) -> 0
A19: 新沂市 | B19: =SUM(C19:D19) -> 2451 | C19: 2451 | D19: =SUM(F19:G19) -> 0
A20: 常州市 | B20: =SUM(B21:B22) -> 11044 | C20: 3270 | D20: =SUM(D21:D22) -> 7774 | E20: =SUM(E21:E22) -> 220 | F20: =SUM(F21:F22) -> 7554 | G20: =SUM(G21:G22) -> 0
A21: 常州市本级 | B21: =SUM(C21:D21) -> 9686 | C21: 1912 | D21: =SUM(E21:G21) -> 7774 | E21: =SUM(水利工程维修维护!E10) -> 220 | F21: =SUM(太湖清淤!C11,太湖清淤!C18) -> 7554
A22: 溧阳市 | B22: =SUM(C22:D22) -> 1358 | C22: 1358 | D22: =SUM(F22:G22) -> 0
A23: 苏州市 | B23: =SUM(B24:B28) -> 7014 | C23: 3864 | D23: =SUM(D24:D28) -> 3150 | E23: =SUM(E24:E28) -> 260 | F23: =SUM(F24:F28) -> 2890 | G23: =SUM(G24:G28) -> 0
A24: 苏州市本级 | B24: =SUM(C24:D24) -> 4444 | C24: 1294 | D24: =SUM(E24:G24) -> 3150 | E24: =SUM(水利工程维修维护!E11) -> 260 | F24: =SUM(太湖清淤!C13) -> 2890
A25: 张家港市 | B25: =SUM(C25:D25) -> 780 | C25: 780 | D25: =SUM(F25:G25) -> 0
A26: 常熟市 | B26: =SUM(C26:D26) -> 935 | C26: 935 | D26: =SUM(F26:G26) -> 0
A27: 太仓市 | B27: =SUM(C27:D27) -> 600 | C27: 600 | D27: =SUM(F27:G27) -> 0
A28: 昆山市 | B28: =SUM(C28:D28) -> 255 | C28: 255 | D28: =SUM(F28:G28) -> 0
A29: 南通市 | B29: =SUM(B30:B34) -> 4924 | C29: 4880 | D29: =SUM(D30:D34) -> 44 | E29: =SUM(E30:E34) -> 44 | F29: =SUM(F30:F34) -> 0 | G29: =SUM(G30:G34) -> 0
A30: 南通市本级 | B30: =SUM(C30:D30) -> 2177 | C30: 2133 | D30: =SUM(E30:G30) -> 44 | E30: =SUM(水利工程维修维护!E12) -> 44
A31: 海安市 | B31: =SUM(C31:D31) -> 387 | C31: 387 | D31: =SUM(F31:G31) -> 0
A32: 如皋市 | B32: =SUM(C32:D32) -> 767 | C32: 767 | D32: =SUM(F32:G32) -> 0
A33: 如东县 | B33: =SUM(C33:D33) -> 1125 | C33: 1125 | D33: =SUM(F33:G33) -> 0
A34: 启东市 | B34: =SUM(C34:D34) -> 468 | C34: 468 | D34: =SUM(F34:G34) -> 0
A35: 连云港市 | B35: =SUM(B36:B39) -> 14924 | C35: 14744 | D35: =SUM(D36:D39) -> 180 | E35: =SUM(E36:E39) -> 180 | F35: =SUM(F36:F39) -> 0 | G35: =SUM(G36:G39) -> 0
A36: 连云港市本级 | B36: =SUM(C36:D36) -> 8099 | C36: 7919 | D36: =SUM(E36:G36) -> 180 | E36: =SUM(水利工程维修维护!E13) -> 180
A37: 东海县 | B37: =SUM(C37:D37) -> 2936 | C37: 2936 | D37: =SUM(F37:G37) -> 0
A38: 灌云县 | B38: =SUM(C38:D38) -> 3163 | C38: 3163 | D38: =SUM(F38:G38) -> 0
A39: 灌南县 | B39: =SUM(C39:D39) -> 726 | C39: 726 | D39: =SUM(F39:G39) -> 0
A40: 淮安市 | B40: =SUM(B41:B44) -> 17777 | C40: 15928 | D40: =SUM(D41:D44) -> 1849 | E40: =SUM(E41:E44) -> 260 | F40: =SUM(F41:F44) -> 1589 | G40: =SUM(G41:G44) -> 0
A41: 淮安市本级 | B41: =SUM(C41:D41) -> 9696 | C41: 9436 | D41: =SUM(E41:G41) -> 260 | E41: =SUM(水利工程维修维护!E14) -> 260
A42: 金湖县 | B42: =SUM(C42:D42) -> 2462 | C42: 873 | D42: =SUM(E42:G42) -> 1589 | F42: =SUM(高邮湖治理!C7) -> 1589
A43: 盱眙县 | B43: =SUM(C43:D43) -> 3505 | C43: 3505 | D43: =SUM(F43:G43) -> 0
A44: 涟水县 | B44: =SUM(C44:D44) -> 2114 | C44: 2114 | D44: =SUM(F44:G44) -> 0
A45: 盐城市 | B45: =SUM(B46:B52) -> 10878 | C45: 10704 | D45: =SUM(D46:D52) -> 174 | E45: =SUM(E46:E52) -> 174 | F45: =SUM(F46:F52) -> 0 | G45: =SUM(G46:G52) -> 0
A46: 盐城市本级 | B46: =SUM(C46:D46) -> 2982 | C46: 2808 | D46: =SUM(E46:G46) -> 174 | E46: =SUM(水利工程维修维护!E15) -> 174
A47: 东台市 | B47: =SUM(C47:D47) -> 1903 | C47: 1903 | D47: =SUM(F47:G47) -> 0
A48: 建湖县 | B48: =SUM(C48:D48) -> 787 | C48: 787 | D48: =SUM(F48:G48) -> 0
A49: 射阳县 | B49: =SUM(C49:D49) -> 1397 | C49: 1397 | D49: =SUM(F49:G49) -> 0
A50: 阜宁县 | B50: =SUM(C50:D50) -> 1448 | C50: 1448 | D50: =SUM(F50:G50) -> 0
A51: 滨海县 | B51: =SUM(C51:D51) -> 1168 | C51: 1168 | D51: =SUM(F51:G51) -> 0
A52: 响水县 | B52: =SUM(C52:D52) -> 1193 | C52: 1193 | D52: =SUM(F52:G52) -> 0
A53: 扬州市 | B53: =SUM(B54:B57) -> 7973 | C53: 6362 | D53: =SUM(D54:D57) -> 1611 | E53: =SUM(E54:E57) -> 200 | F53: =SUM(F54:F57) -> 1411 | G53: =SUM(G54:G57) -> 0
A54: 扬州市本级 | B54: =SUM(C54:D54) -> 2999 | C54: 2799 | D54: =SUM(E54:G54) -> 200 | E54: =SUM(水利工程维修维护!E16) -> 200
A55: 宝应县 | B55: =SUM(C55:D55) -> 2058 | C55: 1147 | D55: =SUM(E55:G55) -> 911 | F55: =SUM(高邮湖治理!C9) -> 911
A56: 高邮市 | B56: =SUM(C56:D56) -> 2389 | C56: 1889 | D56: =SUM(E56:G56) -> 500 | F56: =SUM(高邮湖治理!C10) -> 500
A57: 仪征市 | B57: =SUM(C57:D57) -> 527 | C57: 527 | D57: =SUM(F57:G57) -> 0
A58: 镇江市 | B58: =SUM(B59:B62) -> 3659 | C58: 3529 | D58: =SUM(D59:D62) -> 130 | E58: =SUM(E59:E62) -> 130 | F58: =SUM(F59:F62) -> 0 | G58: =SUM(G59:G62) -> 0
A59: 镇江市本级 | B59: =SUM(C59:D59) -> 1383 | C59: 1253 | D59: =SUM(E59:G59) -> 130 | E59: =SUM(水利工程维修维护!E17) -> 130
A60: 丹阳市 | B60: =SUM(C60:D60) -> 675 | C60: 675 | D60: =SUM(F60:G60) -> 0
A61: 句容市 | B61: =SUM(C61:D61) -> 953 | C61: 953 | D61: =SUM(F61:G61) -> 0
A62: 扬中市 | B62: =SUM(C62:D62) -> 648 | C62: 648 | D62: =SUM(F62:G62) -> 0
A63: 泰州市 | B63: =SUM(B64:B67) -> 4193 | C63: 4148 | D63: =SUM(D64:D67) -> 45 | E63: =SUM(E64:E67) -> 45 | F63: =SUM(F64:F67) -> 0 | G63: =SUM(G64:G67) -> 0
A64: 泰州市本级 | B64: =SUM(C64:D64) -> 1615 | C64: 1570 | D64: =SUM(E64:G64) -> 45 | E64: =SUM(水利工程维修维护!E18) -> 45
A65: 靖江市 | B65: =SUM(C65:D65) -> 754 | C65: 754 | D65: =SUM(F65:G65) -> 0
A66: 泰兴市 | B66: =SUM(C66:D66) -> 1221 | C66: 1221 | D66: =SUM(F66:G66) -> 0
A67: 兴化市 | B67: =SUM(C67:D67) -> 603 | C67: 603 | D67: =SUM(F67:G67) -> 0
A68: 宿迁市 | B68: =SUM(B69:B72) -> 7331 | C68: 7171 | D68: =SUM(D69:D72) -> 160 | E68: =SUM(E69:E72) -> 160 | F68: =SUM(F69:F72) -> 0 | G68: =SUM(G69:G72) -> 0
A69: 宿迁市本级 | B69: =SUM(C69:D69) -> 2043 | C69: 1883 | D69: =SUM(E69:G69) -> 160 | E69: =SUM(水利工程维修维护!E19) -> 160
A70: 沭阳县 | B70: =SUM(C70:D70) -> 1248 | C70: 1248 | D70: =SUM(F70:G70) -> 0
A71: 泗洪县 | B71: =SUM(C71:D71) -> 2858 | C71: 2858 | D71: =SUM(F71:G71) -> 0
A72: 泗阳县 | B72: =SUM(C72:D72) -> 1182 | C72: 1182 | D72: =SUM(F72:G72) -> 0
A73: 省级小计 | B73: =SUM(B74,B85,B97,B103,B114,B120,B125,B128,B135,B136,B137,B138,B143,B159,B160,B161,B162,B163,B164,B165,B166,B167,B168,B169,B170,B171,B172,B173:B178) -> 54110 | C73: 53312 | D73: =SUM(D74,D85,D97,D103,D114,D120,D125,D128,D135,D136,D137,D138,D143,D159,D160,D161,D162,D163,D164,D165,D166,D167,D168,D169,D170,D171,D172,D173:D178) -> 798 | E73: =SUM(E74,E85,E97,E103,E114,E120,E125,E128,E135,E136,E137,E138,E143,E159,E160,E161,E162,E163,E164,E165,E166,E167,E168,E169,E170,E171,E172,E173:E178) -> 330 | F73: =SUM(F74,F85,F97,F103,F114,F120,F125,F128,F135,F136,F137,F138,F143,F159,F160,F161,F162,F163,F164,F165,F166,F167,F168,F169,F170,F171,F172,F173:F178) -> 0 | G73: =SUM(G74,G85,G97,G103,G114,G120,G125,G128,G135,G136,G137,G138,G143,G159,G160,G161,G162,G163,G164,G165,G166,G167,G168,G169,G170,G171,G172,G173:G178) -> 468
A74: 省骆运水利工程管理处 | B74: =SUM(B75:B83) -> 2568 | C74: 2568 | D74: =SUM(D75:D83) -> 0 | E74: =SUM(E75:E83) -> 0 | F74: =SUM(F75:F83) -> 0 | G74: =SUM(G75:G83) -> 0
A75: 管理处本级 | B75: =SUM(C75:D75) -> 624 | C75: 624 | D75: =SUM(F75:G75) -> 0
A76: 省泗阳闸站管理所 | B76: =SUM(C76:D76) -> 200 | C76: 200 | D76: =SUM(F76:G76) -> 0
A77: 省刘老涧闸站管理所 | B77: =SUM(C77:D77) -> 133 | C77: 133 | D77: =SUM(F77:G77) -> 0
A78: 省沙集闸站管理所 | B78: =SUM(C78:D78) -> 401 | C78: 401 | D78: =SUM(F78:G78) -> 0
A79: 省皂河抽水站 | B79: =SUM(C79:D79) -> 649 | C79: 649 | D79: =SUM(F79:G79) -> 0
A80: 省黄墩湖滞洪闸管理所 | B80: =SUM(C80:D80) -> 94 | C80: 94 | D80: =SUM(F80:G80) -> 0
A81: 省皂河闸管理所 | B81: =SUM(C81:D81) -> 168 | C81: 168 | D81: =SUM(F81:G81) -> 0
A82: 省洋河滩闸管理所 | B82: =SUM(C82:D82) -> 204 | C82: 204 | D82: =SUM(F82:G82) -> 0
A83: 省抗旱排涝队 | B83: =SUM(C83:D83) -> 95 | C83: 95 | D83: =SUM(F83:G83) -> 0
A84: 省骆运水利工程管理处水文站 | B84: =SUM(C84:D84) -> 0 | C84: 0 | D84: =SUM(F84:G84) -> 0
A85: 省淮沭新河管理处 | B85: =SUM(B86:B96) -> 1903 | C85: 1808 | D85: =SUM(D86:D96) -> 95 | E85: =SUM(E86:E96) -> 0 | F85: =SUM(F86:F96) -> 0 | G85: =SUM(G86:G96) -> 95
A86: 管理处本级 | B86: =SUM(C86:D86) -> 572 | C86: 477 | D86: =SUM(F86:G86) -> 95 | G86: =SUM(水旱灾害防御!D10) -> 95
A87: 省二河闸管理所 | B87: =SUM(C87:D87) -> 121 | C87: 121 | D87: =SUM(F87:G87) -> 0
A88: 省淮阴闸管理所 | B88: =SUM(C88:D88) -> 94 | C88: 94 | D88: =SUM(F88:G88) -> 0
A89: 省杨庄闸管理所 | B89: =SUM(C89:D89) -> 40 | C89: 40 | D89: =SUM(F89:G89) -> 0
A90: 省沭阳闸管理所 | B90: =SUM(C90:D90) -> 134 | C90: 134 | D90: =SUM(F90:G90) -> 0
A91: 省沭新闸管理所 | B91: =SUM(C91:D91) -> 162 | C91: 162 | D91: =SUM(F91:G91) -> 0
A92: 省蔷薇河地涵管理所 | B92: =SUM(C92:D92) -> 78 | C92: 78 | D92: =SUM(F92:G92) -> 0
A93: 省盐河北闸管理所 | B93: =SUM(C93:D93) -> 57 | C93: 57 | D93: =SUM(F93:G93) -> 0
A94: 省善后闸管理所 | B94: =SUM(C94:D94) -> 116 | C94: 116 | D94: =SUM(F94:G94) -> 0
A95: 省新沂河海口控制工程管理所 | B95: =SUM(C95:D95) -> 529 | C95: 529 | D95: =SUM(F95:G95) -> 0
A96: 省淮沭新河管理处水文站 | B96: =SUM(C96:D96) -> 0 | C96: 0 | D96: =SUM(F96:G96) -> 0
A97: 省通榆河蔷薇河送清水 工程管理处 | B97: =SUM(B98:B102) -> 644 | C97: 644 | D97: =SUM(F97:G97) -> 0
A98: 管理处本级 | B98: =SUM(C98:D98) -> 131 | C98: 131 | D98: =SUM(F98:G98) -> 0
A99: 省龙埝控制工程管理所 | B99: =SUM(C99:D99) -> 151 | C99: 151 | D99: =SUM(F99:G99) -> 0
A100: 省沭阳控制工程管理所 | B100: =SUM(C100:D100) -> 117 | C100: 117 | D100: =SUM(F100:G100) -> 0
...

Sheet 任务清单
A1: 附件2
A2: 2026年省级水利建设和发展专项资金 （第三批水利发展）任务清单（市县）
A3: 地 区 | B3: 水利工程维修养护 | C3: 河湖管理与保护 | D3: 水旱灾害防御
A4: 全省合计 | B4: 堤防探测3055公里
A5: 南京市
A6: 南京市本级 | B6: 堤防探测455公里
A7: 江宁区
A8: 浦口区
A9: 六合区
A10: 溧水区
A11: 高淳区 | D11: 胜利圩背水坡排水系统 及巡堤道路建设
A12: 栖霞区
A13: 江北新区
A14: 无锡市
A15: 无锡市本级 | B15: 堤防探测123公里 | C15: 太湖清淤66.88万立方米
A16: 锡山区
A17: 惠山区
A18: 滨湖区
A19: 江阴市
A20: 宜兴市 | C20: 太湖清淤183.89万立方米； 滆湖清淤144.5万立方米；
A21: 徐州市
A22: 徐州市本级 | B22: 堤防探测134公里
A23: 铜山区
A24: 贾汪区
A25: 丰县
A26: 沛县
A27: 睢宁县
A28: 邳州市
A29: 新沂市
A30: 常州市
A31: 常州市本级 | B31: 堤防探测299公里
A32: 金坛区
A33: 武进区 | C33: 太湖清淤109.57万立方米； 滆湖清淤192.57万立方米；
A34: 新北区
A35: 天宁区
A36: 钟楼区
A37: 溧阳市
A38: 苏州市
A39: 苏州市本级 | B39: 堤防探测370公里 | C39: 太湖清淤115.44万立方米
A40: 吴江区
A41: 吴中区
A42: 相城区
A43: 张家港市
A44: 常熟市
A45: 太仓市
A46: 昆山市
A47: 南通市
A48: 南通市本级 | B48: 堤防探测50公里
A49: 通州区
A50: 海门区
A51: 海安市
A52: 如皋市
A53: 如东县
A54: 启东市
A55: 连云港市
A56: 连云港市本级 | B56: 堤防探测258公里
A57: 赣榆区
A58: 海州区
A59: 东海县
A60: 灌云县
A61: 灌南县
A62: 淮安市
A63: 淮安市本级 | B63: 堤防探测365公里
A64: 淮安区
A65: 淮阴区
A66: 清江浦区
A67: 洪泽区
A68: 金湖县 | C68: 高邮湖退圩还湖1.33万亩
A69: 盱眙县
A70: 涟水县
A71: 盐城市
A72: 盐城市本级 | B72: 堤防探测244公里
A73: 大丰区
A74: 盐都区
A75: 亭湖区
A76: 东台市
A77: 建湖县
A78: 射阳县
A79: 阜宁县
A80: 滨海县
A81: 响水县
A82: 扬州市
A83: 扬州市本级 | B83: 堤防探测276公里
A84: 江都区
A85: 邗江区
A86: 广陵区
A87: 宝应县 | C87: 高邮湖退圩还湖0.83万亩
A88: 高邮市
A89: 仪征市
A90: 镇江市
A91: 镇江市本级 | B91: 堤防探测212公里
A92: 丹徒区
A93: 丹阳市
A94: 句容市
A95: 扬中市
A96: 泰州市
A97: 泰州市本级 | B97: 堤防探测51公里
A98: 海陵区
A99: 医药高新区
A100: 姜堰区
...

Sheet 水利工程维修维护
A1: 附件3-1
A2: 2026年省级水利建设和发展专项资金（第三批水利发展）明细表 （水利工程维修养护）
E3: 单位：万元
A4: 序号 | B4: 地区 | C4: 2027年汛前堤防探测长度 （公里） | D4: 预算经费 | E4: 本次下达
A5: 全省合计 | C5: =SUM(C6,C20) -> 3590 | D5: =SUM(D6,D20) -> 3739 | E5: =SUM(E6,E20) -> 2529
A6: 一 | B6: 市县小计 | C6: =SUM(C7:C19) -> 3079 | D6: =SUM(D7:D19) -> 2710 | E6: =SUM(E7:E19) -> 2199
A7: 1 | B7: 南京市 | C7: 455 | D7: 400 | E7: 300
A8: 2 | B8: 无锡市 | C8: 123 | D8: 108 | E8: 108
A9: 3 | B9: 徐州市 | C9: 134 | D9: 118 | E9: 118
A10: 4 | B10: 常州市 | C10: 299 | D10: 263 | E10: 220
A11: 5 | B11: 苏州市 | C11: 370 | D11: 326 | E11: 260
A12: 6 | B12: 南通市 | C12: 50 | D12: 44 | E12: 44
A13: 7 | B13: 连云港市 | C13: 258 | D13: 227 | E13: 180
A14: 8 | B14: 淮安市 | C14: 365 | D14: 321 | E14: 260
A15: 9 | B15: 盐城市 | C15: 244 | D15: 215 | E15: 174
A16: 10 | B16: 扬州市 | C16: 276 | D16: 243 | E16: 200
A17: 11 | B17: 镇江市 | C17: 212 | D17: 187 | E17: 130
A18: 12 | B18: 泰州市 | C18: 51 | D18: 45 | E18: 45
A19: 13 | B19: 宿迁市 | C19: 242 | D19: 213 | E19: 160
A20: 二 | B20: 省属小计 | C20: =SUM(C21,C23) -> 511 | D20: =SUM(D21,D23) -> 1029 | E20: =SUM(E21,E23) -> 330
A21: 1 | B21: 省水科院 | C21: =SUM(C22:C22) -> 0 | D21: =SUM(D22:D22) -> 100 | E21: =SUM(E22:E22) -> 50
B22: 省级汇交集成 | D22: 100 | E22: 50
A23: 2 | B23: 省河道管理局 | C23: =SUM(C26:C27) -> 511 | D23: =SUM(D24:D27) -> 929 | E23: =SUM(E24:E27) -> 280
B24: 第三方抽查 | D24: 180 | E24: 80
B25: 汛期跟踪探测 | D25: 300
B26: 省管堤防 | C26: 37 | D26: 32 | E26: 200
B27: 流域机构管理堤防 | C27: 474 | D27: 417

Sheet 太湖清淤
A1: 附件3-2-1
A2: 2026年省级水利建设和发展专项资金（第三批水利发展）明细表 （太湖滆湖生态清淤补助）
C3: 单位：万元
A4: 序号 | B4: 地区 | C4: 补助经费
A5: 全省合计 | C5: =SUM(C6,C14) -> 20000
A6: 一 | B6: 太湖清淤小计 | C6: =SUM(C7,C10,C12) -> 11912
A7: （一） | B7: 无锡市小计 | C7: =SUM(C8:C9) -> 6279
A8: 1 | B8: 无锡市本级 | C8: 1675
A9: 2 | B9: 宜兴市 | C9: 4604
A10: （二） | B10: 常州市小计 | C10: =SUM(C11:C11) -> 2743
A11: 1 | B11: 武进区 | C11: 2743
A12: （三） | B12: 苏州市小计 | C12: =SUM(C13) -> 2890
A13: 1 | B13: 苏州市本级 | C13: 2890
A14: 二 | B14: 滆湖清淤小计 | C14: =SUM(C15,C17) -> 8088
A15: （一） | B15: 无锡市小计 | C15: =SUM(C16) -> 3277
A16: 1 | B16: 宜兴市 | C16: 3277
A17: （二） | B17: 常州市小计 | C17: =SUM(C18) -> 4811
A18: 1 | B18: 武进区 | C18: 4811

Sheet 高邮湖治理
A1: 附件3-2-2
A2: 2026年省级水利建设和发展专项资金（第三批水利发展）明细表 （高邮湖治理补助）
C3: 单位：万元
A4: 序号 | B4: 地区 | C4: 补助经费
A5: 全省合计 | C5: =SUM(C6,C8) -> 3000
A6: 一 | B6: 淮安市小计 | C6: =SUM(C7) -> 1589
A7: 1 | B7: 金湖县 | C7: 1589
A8: 二 | B8: 扬州市小计 | C8: =SUM(C9:C10) -> 1411
A9: 1 | B9: 宝应县 | C9: 911
A10: 2 | B10: 高邮市 | C10: 500

Sheet 水旱灾害防御
A1: 附件3-3
A2: 2026年省级水利建设和发展专项资金（第三批水利发展）明细表 （水旱灾害防御）
D3: 单位：万元
A4: 序号 | B4: 地区、单位 | C4: 项目名称 | D4: 补助经费
A5: 全省合计 | D5: =SUM(D6,D8) -> 818
A6: 一 | B6: 南京市小计 | D6: =SUM(D7) -> 350
A7: 1 | B7: 高淳区 | C7: 胜利圩背水坡排水系统及巡堤道路建设项目 | D7: 350
A8: 二 | B8: 厅直单位小计 | D8: =SUM(D9:D12) -> 468
A9: 1 | B9: 省灌溉总渠管理处 | C9: 防汛应急通信设施配备 | D9: 95
A10: 2 | B10: 省淮沭新河管理处 | C10: 防汛应急通信设施配备 | D10: 95
A11: 3 | B11: 省秦淮河水利工程管理处 | C11: 武定门节制闸上游飘浮物打捞 | D11: 198
A12: 4 | B12: 省水文局南京分局 | C12: 三汊湾闸等3处固定式流量测验设施改造 | D12: 80
